AoeStats
← Jurajs_

Arena

507818876Analyzed
2v2 RM · 14d ago on Sep 19, 2026· 49m 30s· 4 players
Game mode
Random Map
Map size
Medium (4 player)
Population
200
Speed
Normal
Resources
Standard
Victory
Conquest
Starting age
Dark Age
Ending age
Imperial Age
RankedLock teamsTeams togetherTeam positionsShared explorationLock speedFull tech treeHidden civsTurbo modeCheats
Victory
Defeat
🇬🇧 Poles · United Kingdom
892
+15
🇬🇧 Romans · United Kingdom
884
+15
🇨🇿 Bohemians · Czechia
875
-15
🇨🇿 Persians · Czechia
872
-15
Jurajs_
11:51 Feudal Age
16:08 Castle Age
14:33 Double-Bit Axe
14:41 Horse Collar
23:11 Forging
23:01 Scale Mail Armor
28:18 Imperial Age
25:45 Pikeman
29:29 Iron Casting
32:08 Elite Hussite Wagon
36:59 Halberdier
39:17 Onager
Altonat
1:53 Loom
12:04 Feudal Age
12:49 Double-Bit Axe
13:23 Horse Collar
18:20 Castle Age
18:10 Wheelbarrow
19:41 Bow Saw
22:26 Pikeman
23:38 Stone Mining
26:48 Crossbowman
29:23 Kamandaran
30:14 Heavy Plow
30:12 Gold Mining
30:25 Fletching
33:18 Thumb Ring
34:06 Bodkin Arrow
34:12 Padded Archer Armor
39:32 Forging
39:28 Scale Barding Armor
41:42 Squires
41:27 Gambesons
45:02 Imperial Age
42:52 Hand Cart
44:37 Leather Archer Armor
47:10 Capped Ram
47:25 Heavy Cavalry Archer
48:31 Parthian Tactics
BeakedBulb13202
10:35 Feudal Age
11:08 Double-Bit Axe
13:04 Wheelbarrow
15:55 Forging
18:08 Castle Age
17:56 Scale Barding Armor
17:43 Horse Collar
18:58 Bloodlines
18:57 Light Cavalry
23:49 Bow Saw
24:49 Heavy Plow
25:45 Hand Cart
30:54 Imperial Age
31:02 Iron Casting
30:47 Chain Barding Armor
33:43 Crop Rotation
32:45 Winged Hussar
35:33 Husbandry
36:37 Blast Furnace
35:28 Fletching
37:43 Conscription
37:49 Lechitic Legacy
37:58 Arson
37:45 Capped Ram
43:02 Bodkin Arrow
43:21 Fortified Wall
45:24 Onager
46:03 Gold Mining
49:38 Hoardings
48:28 Spies/Treason
Bobby Zamora 25
9:47 Feudal Age
10:51 Double-Bit Axe
10:48 Horse Collar
13:04 Loom
19:58 Castle Age
17:48 Man-at-Arms
19:37 Stone Mining
19:39 Gold Mining
20:04 Scale Mail Armor
20:17 Forging
21:00 Heavy Plow
21:12 Bow Saw
23:47 Wheelbarrow
24:21 Squires
24:54 Long Swordsman
27:02 Chain Mail Armor
29:26 Gold Shaft Mining
33:35 Imperial Age
31:54 Iron Casting
33:06 Hand Cart
33:16 Hand Cart
33:29 Fletching
34:11 Legionary
37:05 Blast Furnace
37:10 Bodkin Arrow
37:39 Ballistics
37:32 Fortified Wall
41:54 Crop Rotation
42:15 Comitatenses
48:16 Spies/Treason
Connection lost

Rejoining the realm…

Still unreachable

The connection could not be restored.

Session expired

The server has moved on; the page needs a fresh start.